 Dungeon Crawl Stone Soup version 0.30-a0-920-g7493c07aab (webtiles) character file.

Game seed: 12748970083782364117

58 cforsyth the Cudgeller (level 4, -2/35 HPs)
             Began as a Human Fighter on Mar 22, 2023.
             Slain by an iguana (11 damage)
             ... on level 3 of the Dungeon.
             The game lasted 00:01:43 (1903 turns).

cforsyth the Cudgeller (Human Fighter)              Turns: 1903, Time: 00:01:43

Health: -2/35      AC: 11    Str: 18    XL:     4   Next: 21%
Magic:  4/4        EV:  5    Int:  9    God:
Gold:   79         SH:  4    Dex: 12    Spells: 3/3 levels left

rFire   . . .      SeeInvis .    a - +0 flail
rCold   . . .      Faith    .    c - +0 buckler
rNeg    . . .      Spirit   .    i - +0 plate armour
rPois   .          Reflect  .    (no helmet)
rElec   .          Rampage  .    (no cloak)
rCorr   .                        (no gloves)
Will    .....                    (no boots) Stlth
                                 (no amulet)
HPRegen 0.25/turn                (no ring)
MPRegen 0.09/turn                (no ring)

@: no status effects
A: no striking features
a: no special abilities


You were on level 3 of the Dungeon.
You visited 1 branch of the dungeon, and saw 3 of its levels.

You collected 79 gold pieces.

Inventory:

Hand Weapons
 a - a +0 flail (weapon)
Armour
 b - a +0 scale mail
 c - a +0 buckler (worn)
 i - a +0 plate armour (worn)
Jewellery
 g - a ring of fire
 h - a +6 ring of strength
Scrolls
 e - 6 scrolls of teleportation {unknown}
 f - 4 scrolls of identify {unknown}
 j - 4 scrolls of poison {unknown}
 k - 2 scrolls of fog {unknown}
 l - a scroll of noise {unknown}
 n - a scroll of blinking {unknown}
 o - a scroll of immolation {unknown}
 r - a scroll of enchant armour {unknown}
Potions
 d - a potion of might
 m - 2 potions of curing {unknown}
 p - 2 potions of attraction {unknown}
 q - a potion of mutation {unknown}
 s - a potion of degeneration {unknown}


   Skills:
 - Level 3.1 Fighting
 + Level 3.7 Maces & Flails
 - Level 3.2 Armour
 - Level 3.1 Shields


You had 3 spell levels left.
You didn't know any spells.
Your spell library contained the following spells:

 Spells                   Type           Power      Damage    Failure   Level
 Kiss of Death            Conj/Necr      0%         2d5       100%        1
 Confusing Touch          Hex            0%         N/A       100%        3
 Dispel Undead            Necr           0%         3d6       100%        4


Dungeon Overview and Level Annotations

Branches:
Dungeon (3/15)

Altars:
Uskayaw

Shops:
D:1 :


Message History

The iguana bites you but does no damage.
You hit the iguana.
The iguana is severely wounded.
You block the iguana's attack.
You barely miss the iguana.
The iguana is severely wounded.
The iguana bites you but does no damage.
You closely miss the iguana.
The iguana is severely wounded.
The iguana bites you.
You closely miss the iguana.
The iguana is severely wounded.
The iguana bites you. x2
You are too injured to fight recklessly!
You are too injured to fight recklessly!
You are too injured to fight recklessly!
You are too injured to fight recklessly!
You are too injured to fight recklessly!
You are too injured to fight recklessly!
You are too injured to fight recklessly!
You are too injured to fight recklessly!
You are too injured to fight recklessly!
You hit the iguana but do no damage.
The iguana is severely wounded.
The iguana bites you.
You barely miss the iguana.
The iguana is severely wounded.
The iguana bites you but does no damage.
You hit the iguana but do no damage.
The iguana is severely wounded.
The iguana bites you.
* * * LOW HITPOINT WARNING * * *
You barely miss the iguana.
The iguana is severely wounded.
The iguana bites you but does no damage.
You block the iguana's attack.
You closely miss the iguana.
The iguana is severely wounded.
The iguana bites you!
You die...

.#...###..........####....#######
.##..# #.#.......## ##.#.# ###
....# #.##.....## ###.# #..
.##### #.###...## #.# #.# #.#
##'## #.# #.# #.# #.# #.# #.# ..#
#.# #.# #.# ##.###########.# #.#
#$...@l...... #.. #......##.#.###
### #.#...## # #...... ####..##
#..# #..# #...


You could see an iguana.

Vanquished Creatures
  An adder (D:2)
  A dart slug (D:2)
  7 bats
  2 endoplasms
  4 giant cockroaches
  7 goblins
  2 hobgoblins
  6 jackals
  3 ball pythons
  5 frilled lizards
  2 kobolds
  3 rats
43 creatures vanquished.

Notes
Turn   | Place    | Note
-------+----------+-------------------------------------------
     0 | D:1      | cforsyth the Human Fighter began the quest for the Orb.
     0 | D:1      | Reached XP level 1. HP: 18/18 MP: 1/1
   109 | D:1      | Reached XP level 2. HP: 24/24 MP: 2/2
   526 | D:1      | Found Urgh's Book Shop.
   685 | D:1      | Reached XP level 3. HP: 29/29 MP: 3/3
  1154 | D:2      | Found a hide-covered altar of Uskayaw.
  1184 | D:2      | Reached XP level 4. HP: 35/35 MP: 4/4
  1903 | D:3      | Slain by an iguana

Illustrated notes

Levels and vault maps discovered:
D:1:      amcnicky_arrival_flooded_fountain, layout_basic, serial_shops, shop,
          kennysheep_pointless_box
D:2:      layout_rooms, basic_altar, roderic_lattice_a, guppyfry_early_lair_pool
D:3:      layout_loops_corners, kennysheep_generic_room_7

Skill      XL: |  1  2  3 |
---------------+----------+-----
Maces & Flails | 3 |  3.7
Fighting       | |  3.1
Armour         | |  3.2
Shields        | |  3.1

Action                     |  1- 3 |  4- 6 || total
---------------------------+-------+-------++-------
  Melee: Flail             |   104 |    30 ||   134
 Armour: Scale mail        |    36 |       ||    36
         Plate armour      |    44 |    20 ||    64
  Dodge: Dodged            |    28 |     1 ||    29
  Block: Buckler           |    28 |     7 ||    35

Table legend: (Time is in decaauts)
 A = Elapsed time spent in this place.
 B = Non-inter-level travel time spent in this place.
 C = Inter-level travel time spent in this place.
 D = Time resting spent in this place.
 E = Time spent auto-exploring this place.
 F = Levels seen in this place.
 G = Mean time per level.
                   A        B        C        D        E       F      G
               +--------+--------+--------+--------+--------+-----+--------+
         Total |   1944 |   1878 |     66 |      0 |   1541 |   3 |  648.0 |
       Dungeon |   1944 |   1878 |     66 |      0 |   1541 |   3 |  648.0 |
               +--------+--------+--------+--------+--------+-----+--------+

Top non-repeatable levels by time:
     D:1: 933 daAuts
     D:2: 768 daAuts
     D:3: 242 daAuts
